Description

A composition based on blink stalker 2 inmortal and colossus

Replay - Neeb v uThermal: Game 1 - King Sejong Station LE

Build Order

Get SALT Encoding   

  12  0:00  Probe (Chrono Boost)  
  13  0:11  Probe (Chrono Boost)  
  14  0:17  Pylon  
  14  0:22  Probe (Chrono Boost)  
  15  0:35  Probe (Chrono Boost), Gateway  
  16  0:46  Probe (Chrono Boost)  
  17  0:54  Assimilator  
  17  0:56  Probe (Chrono Boost)  
  18  1:07  Probe (Chrono Boost)  
  19  1:20  Nexus  
  19  1:23  Probe (Chrono Boost)  
  20  1:32  Cybernetics Core  
  20  1:35  Probe (Chrono Boost)  
  21  1:40  Assimilator  
  21  1:45  Probe (Chrono Boost)  
  22  1:52  Pylon  
  22  1:56  Probe (Chrono Boost)  
  23  2:06  Adept  
  23  2:09  Warp Gate  
  23  2:11  Probe (Chrono Boost)  
  27  2:24  Probe (Chrono Boost)  
  27  2:31  Stargate, Adept  
  27  2:32  Probe (Chrono Boost)  
  27  2:36  Probe (Chrono Boost)  
  31  2:43  Probe (Chrono Boost)  
  32  2:48  Probe (Chrono Boost)  
  33  2:53  Probe (Chrono Boost)  
  35  2:58  Probe (Chrono Boost), Adept  
  35  3:03  Pylon  
  35  3:04  Probe (Chrono Boost)  
  38  3:09  Probe (Chrono Boost)  
  38  3:10  Oracle  
  39  3:14  Probe (Chrono Boost)  
  43  3:22  Probe (Chrono Boost)  
  43  3:25  Probe (Chrono Boost)  
  45  3:31  Pylon  
  45  3:34  Probe (Chrono Boost)  
  46  3:35  Probe (Chrono Boost)  
  47  3:41  Gateway, Oracle  
  47  3:43  Gateway  
  47  3:46  Probe x2 (Chrono Boost)  
  52  3:56  Probe (Chrono Boost)  
  52  3:58  Probe (Chrono Boost), Assimilator  
  52  4:00  Robotics Facility, Assimilator  
  54  4:06  Pylon  
  54  4:07  Probe (Chrono Boost)  
  56  4:10  Probe (Chrono Boost)  
  54  4:18  Probe (Chrono Boost), Phoenix  
  54  4:22  Probe (Chrono Boost)  
  54  4:28  Probe (Chrono Boost)  
  55  4:31  Pylon  
  55  4:33  Pylon  
  55  4:34  Probe (Chrono Boost)  
  56  4:39  Mothership Core (Chrono Boost)  
  56  4:42  Adept x3  
  64  4:45  Pylon  
  64  4:49  Probe (Chrono Boost)  
  65  4:54  Nexus  
  65  4:57  Observer  
  66  5:00  Twilight Council  
  66  5:03  Probe (Chrono Boost)  
  66  5:04  Probe (Chrono Boost)  
  66  5:06  Sentry  
  69  5:15  Probe (Chrono Boost)  
  69  5:16  Probe (Chrono Boost)  
  69  5:18  Adept x2  
  74  5:22  Forge  
  74  5:27  Probe (Chrono Boost)  
  74  5:28  Probe (Chrono Boost), Blink  
  76  5:34  Stalker  
  78  5:38  Probe (Chrono Boost)  
  78  5:40  Probe (Chrono Boost)  
  78  5:41  Protoss Ground Weapons Level 1  
  80  5:48  Probe (Chrono Boost)  
  80  5:49  Observer  
  82  5:51  Stalker  
  82  5:52  Stalker  
  82  5:55  Probe (Chrono Boost)  
  87  6:00  Probe (Chrono Boost)  
  88  6:07  Probe (Chrono Boost)  
  88  6:09  Probe (Chrono Boost)  
  95  6:12  Probe (Chrono Boost)  
  95  6:14  Pylon  
  95  6:15  Warp Prism  
  94  6:19  Probe (Chrono Boost)  
  94  6:20  Probe (Chrono Boost)  
  94  6:24  Probe (Chrono Boost)  
  96  6:26  Pylon  
  96  6:32  Probe (Chrono Boost), Pylon  
  97  6:33  Probe (Chrono Boost)  
  97  6:36  Probe (Chrono Boost)  
  99  6:40  Assimilator  
  99  6:41  Assimilator  
  99  6:43  Forge  
  99  6:44  Probe (Chrono Boost)  
  100  6:47  Gateway  
  100  6:50  Probe (Chrono Boost), Gateway  
  100  6:53  Gateway  
  101  6:56  Gateway  
  101  6:58  Gateway, Immortal  
  105  7:02  Sentry x2  
  105  7:03  Stalker  
  111  7:10  Pylon x2  
  111  7:12  Photon Cannon  
  111  7:20  Protoss Ground Weapons Level 2  
  111  7:21  Resonating Glaives, Protoss Ground Armor Level 1  
  109  7:31  Stalker x3  
  109  7:35  Pylon  
  114  7:37  Immortal  
  114  7:42  Probe x2 (Chrono Boost)  
  115  7:46  Probe (Chrono Boost)  
  115  7:50  Pylon  
  116  7:52  Pylon  
  116  7:54  Probe (Chrono Boost)  
  116  7:57  Stalker x4  
  123  8:10  Photon Cannon  
  123  8:11  Pylon  
  123  8:15  Adept x3  
  123  8:16  Adept, Warp Prism  
  133  8:27  Pylon  
  133  8:33  Stalker x4  
  141  8:48  Sentry x3  
  139  8:55  Nexus  
  141  8:58  Robotics Facility  
  141  8:59  Robotics Bay  
  141  9:02  Adept  
  141  9:03  Adept x3  
  141  9:08  Pylon  
  149  9:11  Stalker  
  149  9:18  Stalker  
  149  9:19  Stalker  
  135  9:33  Stalker x3  
  132  9:48  Warp Prism  
  132  9:49  Colossus  
  138  9:54  Probe (Chrono Boost)  
  138  9:56  Probe (Chrono Boost)  
  138  9:57  Probe (Chrono Boost)  
Spawning Tool Build Advisor. Get it on Overwolf

Analysis

the absence of phoenixes causes you have to improve blink before resonating glaives. And build 2 inmortal to confront marauders then colossus.when you have between 4 and 6 colossi you can transitioning in disruptor or storm. can optionally send a drop of DT or use them for defense In new gettisburg is important build 1 void to protect close air entry for liberators.

Go to:

Details

  • Created by: Zeruell
  • Published on: Sep 15, 2016
  • Modified on: Sep 15, 2016
  • Patch: Pre-3.8.0
Show
View Real Time Build Order
Export as new Build Order

Comments (0)

There are no comments. Be the first!

Create an account to comment!